 Dungeon Crawl Stone Soup version 0.24-a0-504-gcfb02b9d07 (webtiles) character file.

Game seed: 5705680115428831843

7651 KristoblXynda the Carver (level 10, 0/81 HPs)
             Began as a Pale Draconian Warper on July 17, 2019.
             Was a High Priest of Okawaru.
             Slain by a two-headed ogre
             ... wielding a +0 giant club
              (8 damage)
             ... on level 10 of the Dungeon.
             The game lasted 00:23:14 (13343 turns).

KristoblXynda the Carver (Pale Draconian Warper)   Turns: 13343, Time: 00:23:15

Health: 0/81       AC: 10    Str: 14    XL:     10   Next: 99%
Magic:  6/14       EV: 14    Int: 17    God:    Okawaru [*****.]
Gold:   508        SH:  3    Dex: 10    Spells: 1/13 levels left

rFire    . . .     SeeInvis .   u - +0 great sword
rCold    . . .     Gourm    .   (shield currently unavailable)
rNeg     . . .     Faith    .   (armour unavailable)
rPois    .         Spirit   .   (helmet restricted)
rElec    .         Reflect  +   k - +0 cloak
rCorr    .         Harm     .   l - +1 pair of gloves
MR       .....                  (no boots)
Stlth    +.........             G - +3 amulet of reflection
HPRegen  0.23/turn              (no ring)
MPRegen  0.14/turn              t - ring of wizardry

@: no status effects
A: breathe steam, unfitting armour, cold-blooded, AC +7
a: Breathe Steam, Heroism, Finesse, Renounce Religion


You were on level 10 of the Dungeon.
You worshipped Okawaru.
Okawaru was extremely pleased with you.
You were very hungry.

You visited 2 branches of the dungeon, and saw 11 of its levels.
You also visited: Sewer.

You collected 508 gold pieces.

Inventory:

Hand Weapons
 a - a +1 falchion
 u - a +0 great sword (weapon)
Missiles
 r - a throwing net (quivered)
Armour
 k - a +0 cloak (worn)
 l - a +1 pair of gloves (worn)
 z - a +1 shield of protection
Jewellery
 e - an uncursed ring of positive energy
 t - a ring of wizardry (right hand)
 G - a +3 amulet of reflection (around neck)
Wands
 m - a wand of digging (7)
 x - a wand of polymorph (5)
Scrolls
 b - 4 scrolls of amnesia
 c - 2 scrolls of blinking
 g - 3 scrolls of magic mapping
 h - 5 scrolls of teleportation
 v - a scroll of remove curse
 w - 2 scrolls of fog
 y - a scroll of enchant weapon
Potions
 d - 2 potions of magic
 i - 2 potions of lignification {unknown}
 j - 3 potions of curing
 n - 3 potions of mutation
 o - a potion of brilliance
 p - 3 potions of agility
 q - 2 potions of might
 s - a potion of resistance
 B - 2 potions of berserk rage {unknown}
 D - a potion of haste
Miscellaneous
 A - a fan of gales
Comestibles
 f - 16 rations


   Skills:
 - Level 5.2 Fighting
 + Level 10.6 Long Blades
 - Level 1.0 Throwing
 - Level 5.1 Dodging
 - Level 2.3 Spellcasting
 + Level 8.9 Translocations
 + Level 3.3 Air Magic
 - Level 5.1 Invocations
 + Level 5.3 Evocations


You had one spell level left.
You knew the following spells:

 Your Spells              Type           Power        Failure   Level  Hunger
a - Blink                 Tloc           N/A          1%          2    ##.....
b - Lesser Beckoning      Tloc           ####......   1%          3    ###....
c - Passage of Golubria   Tloc           N/A          1%          4    #####..
d - Mephitic Cloud        Conj/Pois/Air  #.......     14%         3    ###....

Your spell library contained the following spells:

 Spells                   Type           Power        Failure   Level  Hunger
 Animate Skeleton         Necr           N/A          8%          1    #......
 Magic Dart               Conj           #...         8%          1    #......
 Pain                     Necr           #...         8%          1    #......
 Shroud of Golubria       Chrm/Tloc      ###...       1%          2    ##.....
 Gell's Gravitas          Tloc           ####......   1%          3    ###....
 Teleport Other           Tloc           ####....     1%          3    ###....
 Call Imp                 Summ           #.......     12%         2    ##.....
 Slow                     Hex            #.......     12%         2    ##.....
 Conjure Flame            Conj/Fire      #.......     22%         3    ###....
 Regeneration             Chrm/Necr      #.........   22%         3    ###....
 Vampiric Draining        Necr           #.........   22%         3    ###....
 Animate Dead             Necr           N/A          56%         4    #####..


Dungeon Overview and Level Annotations

Branches:
Dungeon (10/15)            Temple (1/1) D:6             Orc (0/2) D:10
   Lair: D:8-11

Altars:
Ashenzari
Cheibriados
Dithmenos
Elyvilon
Fedhas
Gozag
Hepliaklqana
Kikubaaqudgha
Makhleb
Nemelex Xobeh
Okawaru
Qazlal
Ru
Sif Muna
Trog
Uskayaw
Vehumet
Wu Jian
Xom
Yredelemnul
Zin
The Shining One
Lugonu

Shops:
D:4 [   D:10 :

Annotations:
D:7 4 runed translucent doors


Innate Abilities, Weirdness & Mutations

You can breathe blasts of scalding, opaque steam.
Your pale cyan-grey scales are hard. (AC +7)
You cannot fit into any form of body armour.
You are cold-blooded and may be slowed by cold attacks.


Message History

The two-headed ogre hits you with a +0 giant club!! x2
* * * LOW HITPOINT WARNING * * *
Okay, then.
Casting: Blink (safe; 1% risk of failure)
Confirm with . or Enter, or press ? or * to list all spells.
You blink.
Casting: Blink (safe; 1% risk of failure)
Confirm with . or Enter, or press ? or * to list all spells.
You blink.
Casting: Blink (safe; 1% risk of failure)
Confirm with . or Enter, or press ? or * to list all spells.
You blink.
Casting: Blink (safe; 1% risk of failure)
Confirm with . or Enter, or press ? or * to list all spells.
You blink.
The two-headed ogre closely misses you.
You riposte.
You hit the two-headed ogre.
Your tail-slap misses the two-headed ogre.
The two-headed ogre is almost dead.
The two-headed ogre hits you with a +0 giant club!
You die...

.## #..# ##.......§..# ...... ##
##.#...^......§..# ..≈≈≈. ##....#
#.# ..≈≈≈. ##...### #.# ###..≈≈≈.
###..#.# #.########....≈.≈≈
....##.# #.##........§§≈.≈≈
.#####.#########.##......(.§≈≈(..
.####...................(..≈≈...≈
....#.#.########@######.#..≈≈.∩.≈
....#.#.. #.O..###)#.Z≈≈...≈
....#.# #........#..≈≈...≈
......# #.§..#####..≈≈.∩.;
#...### . #....# #..≈≈...≈ ###..#
..## #.#.## #Z.≈≈≈..≈
.....####...# ##.#...###....≈...≈
###..)...##..##..###.........≈..≈
# #...##......#.#....#..#....≈≈.≈


You could see a two-headed ogre.

Vanquished Creatures
  Pikel (D:5)
  Psyche (D:8)
  A troll (D:9)
  2 polar bears (D:10)
  Grinder (D:5)
  A hippogriff (D:9)
  A human (D:7)
  A vampire (D:10)
  4 hogs (D:7)
  A steam dragon (D:7)
  3 yaks (D:10)
  The ghost of azzavlup the Slasher, an amateur DsAK of Lugonu (D:4)
  A hungry ghost (D:10)
  7 ice beasts
  A necrophage (D:5)
  2 slaves (D:5)
  3 phantoms
  5 ogres
  A wolf (D:10)
  4 centaurs
  A big kobold (D:7)
  4 bullfrogs
  A hornet simulacrum (D:10)
  A scorpion (D:4)
  4 killer bees (D:8)
  2 troll zombies (D:10)
  A howler monkey (D:7)
  An electric eel (D:10)
  A bullfrog zombie (D:8)
  6 crimson imps
  7 hounds
  2 jellies
  5 orc wizards
  7 orc priests
  2 bullfrog skeletons
  4 worker ants
  4 iguanas
  6 ogre zombies (D:10)
  A hound skeleton (D:10)
  A worker ant zombie (D:9)
  A howler monkey zombie (D:8)
  12 gnolls
  12 adders
  4 river rats (Sewer)
  A shadow imp (D:5)
  A worker ant simulacrum (D:10)
  2 ufetubi (D:10)
  An adder skeleton (D:8)
  A worm (D:2)
  4 dart slugs
  An adder simulacrum (D:10)
  6 leopard geckos
  35 orcs
  3 ball pythons
  6 giant cockroaches
  8 goblins
  3 hobgoblins
  4 jackals (D:8)
  11 kobolds
  9 quokkas
  7 bats
  8 frilled lizards
  4 goblin skeletons (D:10)
  A goblin zombie (D:10)
  3 hobgoblin zombies (D:10)
  2 jackal skeletons
  2 orc skeletons (D:10)
  15 orc zombies (D:10)
  3 quokka skeletons
  10 rats
283 creatures vanquished.

Vanquished Creatures (others)
  A slave (D:5)
  A bullfrog skeleton (D:5)
  A giant cockroach (D:5)
3 creatures vanquished.

Grand Total: 286 creatures vanquished

Notes
Turn   | Place    | Note
-------+----------+-------------------------------------------
     0 | D:1      | KristoblXynda the Draconian Warper began the quest for the
                  | Orb.
     0 | D:1      | Reached XP level 1. HP: 17/17 MP: 3/3
    35 | D:1      | Reached skill level 1 in Throwing
   121 | D:1      | Reached XP level 2. HP: 11/24 MP: 5/5
   283 | D:1      | Learned a level 2 spell: Blink
  1277 | D:2      | Reached XP level 3. HP: 29/29 MP: 6/6
  1294 | D:2      | Learned a level 3 spell: Lesser Beckoning
  1319 | D:2      | Reached skill level 3 in Long Blades
  1472 | D:2      | Reached XP level 4. HP: 32/36 MP: 7/7
  1532 | D:2      | Found a deep blue altar of Sif Muna.
  2198 | D:2      | Found an iron altar of Okawaru.
  2209 | D:2      | Became a worshipper of Warmaster Okawaru
  2413 | D:2      | Reached XP level 5. HP: 40/41 MP: 8/8
  2622 | D:3      | Reached skill level 4 in Long Blades
  2636 | D:3      | Found a hazy altar of Hepliaklqana.
  2864 | D:3      | Found a glowing drain.
  2869 | Sewer    | Entered a sewer
  2898 | Sewer    | HP: 1/41 [river rat (6)]
  4040 | D:3      | Reached * piety under Okawaru
  4040 | D:3      | Reached XP level 6. HP: 28/48 MP: 9/9
  5096 | D:3      | Found a basalt altar of Yredelemnul.
  5173 | D:3      | Reached skill level 5 in Long Blades
  5652 | D:4      | Your scales start taking on a pale cyan-grey colour.
  5652 | D:4      | Reached XP level 7. HP: 46/55 MP: 10/10
  5918 | D:4      | Found Werimiqy's Antique Armour Boutique.
  5932 | D:4      | Reached ** piety under Okawaru
  5932 | D:4      | Reached skill level 6 in Long Blades
  5960 | D:4      | Learned a level 4 spell: Passage of Golubria
  6027 | D:4      | Found a runed translucent gate.
  6027 | D:4      | Found a runed translucent gate.
  6027 | D:4      | Noticed azzavlup's ghost (amateur DsAK)
  6028 | D:4      | Found a runed translucent gate.
  6077 | D:4      | Killed azzavlup's ghost
  6077 | D:4      | Reached skill level 5 in Translocations
  6324 | D:4      | Found a glowing silver altar of Zin.
  6476 | D:5      | Entered Level 5 of the Dungeon
  6478 | D:5      | Noticed Pikel
  6493 | D:5      | Killed Pikel
  6493 | D:5      | Reached *** piety under Okawaru
  6493 | D:5      | Reached skill level 7 in Long Blades
  6493 | D:5      | Reached skill level 5 in Dodging
  6493 | D:5      | Reached XP level 8. HP: 54/61 MP: 11/11
  6572 | D:5      | Found a radiant altar of Vehumet.
  6584 | D:5      | Received a gift from Okawaru
  6751 | D:5      | Reached skill level 8 in Long Blades
  6753 | D:5      | Noticed Grinder
  7164 | D:5      | Killed Grinder
  7245 | D:5      | Reached **** piety under Okawaru
  7387 | D:5      | Reached XP level 9. HP: 65/70 MP: 12/12
  8259 | D:6      | Found a sparkling altar of Nemelex Xobeh.
  8268 | D:6      | Reached skill level 9 in Long Blades
  8345 | D:6      | Found a shattered altar of Ashenzari.
  8345 | D:6      | Found a hide-covered altar of Uskayaw.
  8717 | D:6      | Found a staircase to the Ecumenical Temple.
  8963 | Temple   | Entered the Ecumenical Temple
  9386 | D:7      | Reached skill level 1 in Invocations
  9434 | D:7      | Reached skill level 5 in Fighting
  9840 | D:7      | Found a huge runed translucent gate.
 10004 | D:7      | Reached skill level 1 in Evocations
 10005 | D:7      | Reached ***** piety under Okawaru
 10012 | D:7      | Reached XP level 10. HP: 40/81 MP: 13/13
 10287 | D:7      | Noticed a manticore
 10287 | D:7      | Noticed a manticore
 10288 | D:7      | Found a huge runed translucent gate.
 10288 | D:7      | Found a huge runed translucent gate.
 10288 | D:7      | Found a huge runed translucent gate.
 10774 | D:8      | Reached skill level 10 in Long Blades
 11072 | D:8      | Noticed Psyche
 11084 | D:8      | Killed Psyche
 11102 | D:8      | Found a shadowy altar of Dithmenos.
 11138 | D:8      | Found an ancient bone altar of Kikubaaqudgha.
 11780 | D:9      | Found a stormy altar of Qazlal.
 11840 | D:9      | Found a snail-covered altar of Cheibriados.
 11873 | D:10     | Entered Level 10 of the Dungeon
 11878 | D:10     | Learned a level 3 spell: Mephitic Cloud
 11902 | D:10     | Reached skill level 1 in Air Magic
 11991 | D:10     | Reached skill level 5 in Invocations
 12136 | D:10     | Found a staircase to the Orcish Mines.
 12357 | D:10     | Reached skill level 5 in Evocations
 12745 | D:10     | Found Xatoil's Book Shoppe.
 12772 | D:10     | Received a gift from Okawaru
 13328 | D:10     | Noticed a two-headed ogre
 13343 | D:10     | Slain by a two-headed ogre

Levels and vault maps discovered:
D:1:      giann_bridges, layout_basic
D:2:      layout_loops_ring, old_standard_altar, okawaru_gym_becter,
          roderic_serpentine_path
D:3:      layout_rooms, overflow_temple_1_default,
          lemuel_coloured_pillars_altar, portal_sewer_entry_e
D:4:      layout_basic, zin_statuary, serial_shops, shop, first_ration,
          gammafunk_ghost_split
D:5:      layout_loops_corners, nicolae_overflow_crystal_walls, uniq_pikel,
          uniq_grinder
D:6:      layout_loops_ring, lemuel_doored_altar,
          gammafunk_temple_overflow_wave, temple_fountains
D:7:      lemuel_bear_cage, layout_basic, grunt_livestock
D:8:      layout_rooms, old_standard_altar, kennysheep_little_box, uniq_psyche
D:9:      layout_basic, nicolae_qazlal_eye_of_the_storm, cheibriados_altar_1
D:10:     layout_rooms, zombieorc2_lemuel, serial_ice, serial_ice_g,
          serial_ice_i, serial_ice_m, serial_ice_e, serial_shops, shop,
          skrybe_limestone_x, st_stairs_5
Temple:   corrupted_temple

Skill      XL: |  1  2  3  4  5  6  7  8  9 10 |
---------------+-------------------------------+-----
Throwing       | 1 |  1.0
Long Blades    | 3 4 5 7 8 9 10 | 10.6
Dodging        | 3 5 |  5.1
Translocations | 4 5 6 7 8 |  8.9
Fighting       | 3 5 |  5.2
Invocations    | 3 5 |  5.1
Evocations     | 2 5 |  5.3
Air Magic      | 3 |  3.3
Spellcasting   | |  2.3

Action                   |  1- 3 |  4- 6 |  7- 9 | 10-12 || total
-------------------------+-------+-------+-------+-------++-------
Melee: Falchion          |   109 |   265 |       |       ||   374
       Tailslap          |    11 |    48 |    35 |    28 ||   122
       Great sword       |       |    34 |   217 |   209 ||   460
Throw: Boomerang         |       |     5 |       |       ||     5
       Throwing net      |       |     2 |       |       ||     2
 Cast: Blink             |       |     5 |     1 |     4 ||    10
Invok: Heroism           |       |       |     1 |       ||     1
 Abil: Breathe Steam     |       |       |    20 |    25 ||    45
  Use: Scroll            |       |    12 |     4 |     5 ||    21
       Potion            |       |     9 |       |     1 ||    10
 Stab: Sleeping          |       |     1 |       |       ||     1
       Held in net/web   |       |     1 |       |       ||     1
       Distracted        |       |       |     1 |       ||     1
  Eat: Chunk             |     2 |    14 |    10 |    12 ||    38
       Ration            |       |       |     2 |     1 ||     3
Armor: Skin              |    34 |    83 |    67 |    80 ||   264
Dodge: Dodged            |    82 |   206 |   177 |   182 ||   647
Block: Other             |       |       |       |    19 ||    19
       Reflection        |       |       |       |     1 ||     1
       Rpst.: Falchion   |    15 |    52 |       |       ||    67
       Great sword       |       |    10 |    58 |    50 ||   118

Table legend:
 A = Non-vault XP
 B = Vault XP
 C = Vault XP percentage of total XP
 D = Non-vault monster count
 E = Vault monster count
 F = Vault count percentage of total count
                 A         B        C        D         E       F
            +---------+---------+-------+---------+---------+-------
      Total |    6618 |    4313 |  39.5 |     209 |      73 |  25.9
            +---------+---------+-------+---------+---------+-------
        D:1 |      40 |       0 |   0.0 |      21 |       0 |   0.0
        D:2 |     210 |       0 |   0.0 |      28 |       0 |   0.0
        D:3 |     218 |       0 |   0.0 |      27 |       0 |   0.0
        D:4 |     627 |     226 |  26.5 |      28 |       3 |   9.7
        D:5 |     892 |     875 |  49.5 |      28 |       2 |   6.7
        D:6 |     380 |       0 |   0.0 |       4 |       0 |   0.0
        D:7 |    1170 |    1010 |  46.3 |      29 |       5 |  14.7
        D:8 |    1014 |     448 |  30.6 |      22 |       1 |   4.3
        D:9 |     716 |       0 |   0.0 |       9 |       0 |   0.0
       D:10 |    1351 |    1675 |  55.4 |      13 |      46 |  78.0
      Sewer |       0 |      79 | 100.0 |       0 |      16 | 100.0
            +---------+---------+-------+---------+---------+-------
